 Dungeon Crawl Stone Soup version 0.28-a0-382-g33c4956463 (webtiles) character file.

Game seed: 2314790482839886033

49 GordonOverkill the Grave Robber (level 3, -3/16 HPs)
             Began as a Felid Necromancer on Sept 2, 2021.
             Slain by a gnoll (8 damage)
             ... on level 3 of the Dungeon.
             The game lasted 00:04:39 (5068 turns).

GordonOverkill the Grave Robber (Felid Necromancer) Turns: 5068, Time: 00:04:39

Health: -3/16      AC:  1    Str:  4    XL:     3   Next: 53%
Magic:  6/8        EV: 17    Int: 17    God:
Gold:   114        SH:  0    Dex: 16    Spells: 4/8 levels left
                                        Lives:  0   Deaths: 1

rFire   . . .      SeeInvis +   (weapon unavailable)
rCold   . . .      Faith    .   (shield unavailable)
rNeg    . . .      Spirit   .   (armour unavailable)
rPois   .          Reflect  .   (helmet unavailable)
rElec   .          Harm     .   (cloak unavailable)
rCorr   .          Rampage  .   (gloves unavailable)
Will    .....                   (boots unavailable)
Stlth   ++........              (no amulet)
HPRegen 0.05/turn               (no ring)
MPRegen 0.11/turn               (no ring)

@: quick
A: very small, claws 1, fangs 3, see invisible, speed 1, shaggy fur 1, stealthy
paws, no weapons or thrown items, no armour, multi-lived
a: no special abilities


You were on level 3 of the Dungeon.
You visited 1 branch of the dungeon, and saw 3 of its levels.

You collected 114 gold pieces.

You aren't carrying anything.


   Skills:
 + Level 2.5 Fighting
 + Level 2.8 Dodging
 - Level 2.6 Stealth
 + Level 0.5 Unarmed Combat
 + Level 3.1 Spellcasting
 + Level 4.0 Necromancy


You had 4 spell levels left.
You knew the following spells:

 Your Spells              Type           Power      Damage    Failure   Level
a - Pain                  Necr           64%        1d7       3%          1
b - Vampiric Draining     Necr           8%         2d7       10%         3

Your spell library contained the following spells:

 Spells                   Type           Power      Damage    Failure   Level
 Animate Skeleton         Necr           32%        N/A       3%          1
 Corpse Rot               Necr/Air       N/A        N/A       12%         2
 Magic Dart               Conj           8%         1d3       17%         1
 Call Imp                 Summ           2%         N/A       26%         2
 Animate Dead             Necr           8%         N/A       32%         4
 Dispel Undead            Necr           16%        3d10      32%         4
 Mephitic Cloud           Conj/Pois/Air  2%         N/A       45%         3
 Agony                    Necr           16%        N/A       65%         5
 Blade Hands              Tmut           1%         N/A       99%         5
 Death Channel            Necr           8%         N/A       99%         6
 Portal Projectile        Hex/Tloc       Unusable   N/A       N/A         3
 Excruciating Wounds      Necr           Unusable   N/A       N/A         5

Dungeon Overview and Level Annotations

Branches:
Dungeon (3/15)

Altars:
Ashenzari


Innate Abilities, Weirdness & Mutations

You have sharp claws.
You have razor-sharp teeth.
You have supernaturally acute eyesight. (SInv)
You cover ground quickly. (Speed+)
You are covered in fur. (AC +1)
Your paws help you pounce on unaware monsters.
You are incapable of wielding weapons or throwing items.
You cannot wear armour.
You gain extra lives every three experience levels.


Message History

Casting: Pain (safe; 3% risk of failure)
Confirm with . or Enter, or press ? or * to list all spells.
You can't see any susceptible monsters within range! (Use Z to cast anyway.)
Casting: Pain (safe; 3% risk of failure)
Confirm with . or Enter, or press ? or * to list all spells.
You can't see any susceptible monsters within range! (Use Z to cast anyway.)
Casting: Pain (safe; 3% risk of failure)
Confirm with . or Enter, or press ? or * to list all spells.
Aiming: Pain (safe; 3% risk of failure)
Press: ? - help, Shift-Dir - straight line, f/p - gnoll
Aim: a gnoll, wielding a +0 club (heavily wounded, chance to affect: 81%)
The gnoll barely resists.
Casting: Pain (safe; 3% risk of failure)
Confirm with . or Enter, or press ? or * to list all spells.
Aiming: Pain (safe; 3% risk of failure)
Press: ? - help, Shift-Dir - straight line, f/p - gnoll
Aim: a gnoll, wielding a +0 club (heavily wounded, chance to affect: 81%)
The gnoll writhes in agony.
The gnoll hits you with a +0 club!
Ouch! That really hurt!
* * * LOW HITPOINT WARNING * * *
Casting: Pain (safe; 3% risk of failure)
Confirm with . or Enter, or press ? or * to list all spells.
Aiming: Pain (safe; 3% risk of failure)
Press: ? - help, Shift-Dir - straight line, f/p - gnoll
Aim: a gnoll, wielding a +0 club (severely wounded, chance to affect: 81%)
The gnoll writhes in agony.
You kill the gnoll!
Casting: Pain (safe; 3% risk of failure)
Confirm with . or Enter, or press ? or * to list all spells.
You can't see any susceptible monsters within range! (Use Z to cast anyway.)
You start resting.
A gnoll comes into view. It is wielding a +0 spear.
A gnoll is nearby!
A gnoll is nearby!
Things that are here:
a +0 club; a gnoll corpse The gnoll shouts!
The gnoll hits you from afar with a +0 spear!
Ouch! That really hurt!
You die...

##...........#.......# .#
....[.########.......# .#
.........)...........# .#
..)...########.#########.#.
......# #..).......#.#.#
......# ########........#
...#### #......g.......#.#
#### #...............#
#....@.....###.#.#
############ .#. .. .


You could see a gnoll.

Vanquished Creatures
  2 gnolls (D:3)
  An adder (D:2)
  A worm (D:2)
  A dart slug (D:2)
  An orc (D:3)
  10 endoplasms
  A giant cockroach (D:1)
  10 goblins
  A hobgoblin (D:3)
  4 kobolds
  5 quokkas
  4 ball pythons
  5 bats
  2 frilled lizards (D:1)
  3 rats
51 creatures vanquished.

Notes
Turn   | Place    | Note
-------+----------+-------------------------------------------
     0 | D:1      | GordonOverkill the Felid Necromancer began the quest for
                  | the Orb.
     0 | D:1      | Reached XP level 1. HP: 7/7 MP: 4/4
   981 | D:1      | Reached skill level 1 in Fighting
  1154 | D:1      | Reached XP level 2. HP: 9/12 MP: 3/6
  1690 | D:1      | Found a faded altar of an unknown god.
  2459 | D:2      | Reached XP level 3. HP: 14/16 MP: 5/8
  2490 | D:2      | Learned a level 3 spell: Vampiric Draining
  4762 | D:3      | Found a broken altar of Ashenzari.
  4899 | D:3      | Reached XP level 4. HP: 11/20 MP: 2/9
  4929 | D:3      | Mangled by an iguana
  4930 | D:3      | Reached XP level 3. HP: -7/16 MP: 0/8
  5068 | D:3      | Slain by a gnoll

Illustrated notes

Levels and vault maps discovered:
D:1:      elethiomel_arrival_quiet, layout_loops_cross,
          dreamdust_ecumenical_altar_statues, columned_hall_lemuel
D:2:      layout_basic
D:3:      minmay_diamond_boxcup, layout_basic, ashenzari_conservatory_becter,
          chequers_serial_rivers_large_b, hangedman_abyss_or_decor_stabs

Skill      XL: |  1  2  3 |
---------------+----------+-----
Fighting       | 1 2 |  2.5
Spellcasting   | 3 |  3.1
Dodging        | |  2.8
Stealth        | |  2.6
Unarmed Combat | |  0.5
Necromancy     | |  4.0

Action                   |  1- 3 |  4- 6 || total
-------------------------+-------+-------++-------
Melee: Unarmed           |     1 |     6 ||     7
 Cast: Pain              |   108 |     5 ||   113
  Use: Potion            |     3 |     1 ||     4
 Stab: Sleeping          |     1 |       ||     1
Armor: Skin              |     2 |       ||     2
Dodge: Dodged            |     7 |    13 ||    20

Table legend: (Time is in decaauts)
 A = Elapsed time spent in this place.
 B = Non-inter-level travel time spent in this place.
 C = Inter-level travel time spent in this place.
 D = Time resting spent in this place.
 E = Time spent auto-exploring this place.
 F = Levels seen in this place.
 G = Mean time per level.
                   A        B        C        D        E       F      G
               +--------+--------+--------+--------+--------+-----+--------+
         Total |   4737 |   4636 |    101 |   3201 |   1026 |   3 | 1579.0 |
       Dungeon |   4737 |   4636 |    101 |   3201 |   1026 |   3 | 1579.0 |
               +--------+--------+--------+--------+--------+-----+--------+

Top non-repeatable levels by time:
     D:1: 2626 daAuts
     D:2: 1796 daAuts
     D:3: 313 daAuts
